 Dungeon Crawl Stone Soup version 0.30-a0-465-g8901f6c8b5 (webtiles) character file.

Game seed: 13042313489162331606

634 qsserrt the Chopper (level 7, -4/59 HPs)
             Began as a Hill Orc Reaver on Dec 18, 2022.
             Was a Believer of Jiyva.
             Slain by Duvessa
             ... wielding a +0 rapier
              (14 damage)
             ... on level 5 of the Dungeon on Dec 19, 2022.
             The game lasted 00:49:17 (3432 turns).

qsserrt the Chopper (Hill Orc Reaver)               Turns: 3432, Time: 00:49:18

Health: -4/59      AC:  6    Str: 17    XL:     7   Next: 49%
Magic:  0/11       EV: 12    Int: 13    God:    Jiyva [**....]
Gold:   45         SH:  0    Dex:  9    Spells: 6/11 levels left

rFire   . . .      SeeInvis .    h - +6 great mace
rCold   . . .      Faith    .    (shield currently unavailable)
rNeg    . . .      Spirit   +    b - +0 leather armour
rPois   .          Reflect  .    (no helmet)
rElec   .          Harm     .    r - +0 cloak
rCorr   +          Rampage  .    w - +0 pair of gloves
Will    .....                    v - +0 pair of boots
Stlth   +.........               x - amulet of guardian spirit
HPRegen 1.25/turn                i - ring of flight
MPRegen 0.42/turn                (no ring)

@: immotile, flying
A: no striking features
a: Renounce Religion


You were on level 5 of the Dungeon.
You worshipped Jiyva.
Jiyva was pleased with you.
You visited 1 branch of the dungeon, and saw 5 of its levels.

You collected 171 gold pieces.
You spent 126 gold pieces at shops.

Inventory:

Hand Weapons
 a - a +0 hand axe
 g - the +3 long sword "Bumia" {freeze, rPois Str+6 Dex-5 SInv}
   (You found it on level 4 of the Dungeon)

   It freezes those it strikes, dealing additional cold damage.
   It can also slow down cold-blooded creatures.
   Str:       It affects your strength (+6).
   Dex:       It affects your dexterity (-5).
   rPois:     It protects you from poison.
   SInv:      It lets you see invisible.
 h - a +6 great mace (weapon)
 q - a +4 quarterstaff of chaos
 s - a +0 hammer
Armour
 b - a +0 leather armour (worn)
 r - a +0 cloak (worn)
 v - a +0 pair of boots (worn)
 w - a +0 pair of gloves (worn)
Magical Staves
 m - a staff of air
Jewellery
 i - a ring of flight (left hand)
 x - an amulet of guardian spirit (around neck)
Wands
 p - a wand of flame (16)
 t - a wand of roots (3)
 B - a wand of acid (10)
Scrolls
 d - 2 scrolls of magic mapping
 l - a scroll of blinking
 A - a scroll of summoning {unknown}
Potions
 c - a potion of flight
 e - a potion of attraction {unknown}
 f - a potion of magic
 j - 3 potions of heal wounds
 k - a potion of berserk rage
 n - a potion of mutation {unknown}
 o - 2 potions of haste
 z - a potion of resistance


   Skills:
 + Level 4.1 Fighting
 - Level 5.2 Axes
 + Level 2.0 Staves
 - Level 2.5 Armour
 + Level 2.8 Dodging
 * Level 2.9 Spellcasting
 * Level 4.8 Conjurations


You had 6 spell levels left.
You knew the following spells:

 Your Spells              Type           Power      Damage    Failure   Level
a - Kiss of Death         Conj/Necr      32%        2d7       11%         1
b - Searing Ray           Conj           28%        2d5       6%          2
c - Momentum Strike       Conj/Tloc      16%        3d8       16%         2

Your spell library contained the following spells:

 Spells                   Type           Power      Damage    Failure   Level
 Magic Dart               Conj           56%        1d5       3%          1
 Hailstorm                Conj/Ice       8%         3d4       30%         3
 Frozen Ramparts          Ice            2%         1d1       63%         3
 Fulminant Prism          Conj/Hex       4%         3d5       71%         4
 Ice Form                 Ice/Tmut       1%         N/A       95%         4
 Summon Ice Beast         Ice/Summ       1%         N/A       95%         4


Dungeon Overview and Level Annotations

Branches:
Dungeon (5/15)             Temple (0/1) D:4

Altars:
Cheibriados
Gozag
Jiyva

Shops:
D:3 [

Annotations:
D:5 Duvessa


Message History

Duvessa hits you with a +0 rapier! Duvessa hits you with a +0 rapier.
Dowan barely misses you.
You barely miss Dowan.
Dowan is almost dead.
Duvessa hits you with a +0 rapier. x2; Dowan hits you but does no damage.
Duvessa hits you with a +0 rapier.
You hear a distant slurping noise.
Dowan's robes are whipped around by a magical breeze.
Dowan closely misses you.
You closely miss Dowan.
Dowan is almost dead.
Duvessa misses you. Dowan hits you with a +0 dagger.
Duvessa hits you but does no damage.
You sock Dowan!
You kill Dowan!
Duvessa screams in rage.
Duvessa goes berserk!
Duvessa hits you with a +0 rapier! x2
Duvessa barely misses you.
Your Staves skill increases to level 2!
Casting: Searing Ray (safe; 6% risk of failure)
Confirm with . or Enter, or press ? or * to list all spells.
Okay, then.
Unknown command.
Casting: Searing Ray (safe; 6% risk of failure)
Confirm with . or Enter, or press ? or * to list all spells.
Aiming: Momentum Strike (safe; 16% risk of failure)
Press: ? - help, Dir - move target, f - Duvessa
Aim: Duvessa, wielding a +0 rapier and wearing a +0 leather armour of willpower (moderately wounded, berserk, fast, 72% to hit)
The concentrated momentum hits Duvessa!
Duvessa is heavily wounded.
You are unable to move.
Duvessa hits you but does no damage.
You bludgeon Duvessa!!
Duvessa is almost dead.
Duvessa hits you with a +0 rapier. Duvessa barely misses you.
You barely miss Duvessa.
Duvessa is almost dead.
Duvessa hits you with a +0 rapier! x2
* * * LOW HITPOINT WARNING * * *
Duvessa hits you with a +0 rapier!
You die...

.... ...### .....
...#
###########...####
.......)..........
..##...@<.........
........e.........
...##.#####...###.
# #. ...# . .....
## ....... .$....J
...~... #......


You could see Duvessa (berserk, fast).

Vanquished Creatures
  Menkaure (D:4)
  An ogre (D:4)
  The ghost of heinrich the Poker, an amateur DsGl (D:4)
  Dowan (D:5)
  Crazy Yiuf (D:2)
  A gnoll bouda (D:3)
  2 iguanas (D:4)
  An orc wizard (D:4)
  4 gnolls (D:3)
  5 adders
  2 worms (D:2)
  3 dart slugs
  8 orcs
  7 ball pythons
  3 endoplasms
  5 giant cockroaches
  6 hobgoblins
  6 jackals
  A quokka (D:1)
  7 bats
  A frilled lizard (D:3)
  2 goblins
  12 kobolds
  3 rats
84 creatures vanquished.

Vanquished Creatures (others)
  Ijyb (D:4)
  2 endoplasms (D:4)
  5 goblins
  3 hobgoblins
  3 jackals
  A ball python (D:3)
  2 frilled lizards (D:3)
  A rat (D:3)
  A butterfly (D:4)
  3 fungi (D:2)
22 creatures vanquished.

Grand Total: 106 creatures vanquished

Notes
Turn   | Place    | Note
-------+----------+-------------------------------------------
     0 | D:1      | qsserrt the Hill Orc Reaver began the quest for the Orb.
     0 | D:1      | Reached XP level 1. HP: 18/18 MP: 3/3
   244 | D:1      | Reached XP level 2. HP: 16/25 MP: 4/4
  1036 | D:1      | Reached XP level 3. HP: 23/28 MP: 5/5
  1173 | D:2      | Learned a level 2 spell: Searing Ray
  1177 | D:2      | Reached skill level 1 in Armour
  1472 | D:2      | Reached XP level 4. HP: 26/35 MP: 6/6
  1809 | D:2      | Found a faded altar of an unknown god.
  1839 | D:2      | Prayed at the altar of an unknown god.
  1839 | D:2      | Became a worshipper of Jiyva Jaucimi the Shapeless
  1839 | D:2      | Reached * piety under Jiyva
  2056 | D:2      | Found a runed translucent door.
  2057 | D:2      | Noticed Crazy Yiuf
  2066 | D:2      | Killed Crazy Yiuf
  2127 | D:3      | Found an opulent altar of Gozag.
  2153 | D:3      | Found a snail-covered altar of Cheibriados.
  2197 | D:3      | Reached XP level 5. HP: 37/39 MP: 7/7
  2224 | D:3      | Found Ragriecu's Armour Shoppe.
  2232 | D:3      | Bought a +0 pair of boots for 63 gold pieces
  2232 | D:3      | Bought a +0 pair of gloves for 63 gold pieces
  2284 | D:3      | Reached skill level 5 in Axes
  2440 | D:3      | Reached ** piety under Jiyva
  2791 | D:4      | Reached skill level 1 in Staves
  2822 | D:4      | Noticed Menkaure
  2827 | D:4      | Killed Menkaure
  2828 | D:4      | Reached XP level 6. HP: 46/51 MP: 9/9
  2835 | D:4      | Learned a level 2 spell: Momentum Strike
  3131 | D:4      | Identified the +3 long sword "Bumia" {freeze, rPois Str+6
                  | Dex-5 SInv}
  3144 | D:4      | Found a transporter.
  3146 | D:4      | Killed Ijyb
  3153 | D:4      | Noticed heinrich's ghost (amateur DsGl)
  3303 | D:4      | Found a transporter.
  3310 | D:4      | Reached XP level 7. HP: 47/58 MP: 3/10
  3312 | D:4      | Killed heinrich's ghost
  3408 | D:5      | Entered Level 5 of the Dungeon
  3408 | D:5      | Noticed Dowan
  3418 | D:5      | Noticed Duvessa
  3429 | D:5      | Killed Dowan
  3432 | D:5      | Slain by Duvessa

Illustrated notes

Levels and vault maps discovered:
D:1:      ebering_hopf_link, layout_basic, minmay_misc_feat_tower
D:2:      layout_basic, hellmonk_ecumenical_altar_lost_god,
          uniq_crazy_yiuf_cottage
D:3:      kennysheep_six_static_rooms, layout_loops_ring,
          mainiacjoe_overflow_paths, amcnicky_altar_gilded, serial_shops,
          shop_statue, minivault_19, kennysheep_generic_room_7
D:4:      kennysheep_the_goblin_king, layout_gridville,
          minmay_temple_entry_butterflies, gammafunk_ghost_smash, uniq_menkaure,
          uniq_ijyb
D:5:      layout_loops_cross, serial_shops, shop, skrybe_limestone_x,
          st_stairs_6, uniq_duvessa

Skill      XL: |  1  2  3  4  5  6  7 |
---------------+----------------------+-----
Armour         | 1 2 |  2.5
Dodging        | 2 |  2.8
Fighting       | 3 4 |  4.1
Axes           | 5 |  5.2
Staves         | 1 2 |  2.0
Spellcasting   | 2 |  2.9
Conjurations   | 4 |  4.8

Action                   |  1- 3 |  4- 6 |  7- 9 || total
-------------------------+-------+-------+-------++-------
Melee: Hand axe          |   113 |    46 |       ||   159
       Punch             |     2 |     1 |       ||     3
       Quarterstaff      |       |    70 |     3 ||    73
       Great mace        |       |       |     6 ||     6
 Cast: Kiss of Death     |     2 |     2 |       ||     4
       Searing Ray       |     2 |     6 |       ||     8
       Momentum Strike   |       |       |     1 ||     1
Evoke: Wand              |       |     3 |     3 ||     6
  Use: Scroll            |     1 |    11 |       ||    12
Armor: Leather armour    |    26 |    33 |     4 ||    63
Dodge: Dodged            |    65 |    72 |     6 ||   143

Table legend: (Time is in decaauts)
 A = Elapsed time spent in this place.
 B = Non-inter-level travel time spent in this place.
 C = Inter-level travel time spent in this place.
 D = Time resting spent in this place.
 E = Time spent auto-exploring this place.
 F = Levels seen in this place.
 G = Mean time per level.
                   A        B        C        D        E       F      G
               +--------+--------+--------+--------+--------+-----+--------+
         Total |   3463 |   3061 |    402 |    189 |   2128 |   5 |  692.6 |
       Dungeon |   3463 |   3061 |    402 |    189 |   2128 |   5 |  692.6 |
               +--------+--------+--------+--------+--------+-----+--------+

Top non-repeatable levels by time:
     D:1: 1170 daAuts
     D:2: 957 daAuts
     D:3: 670 daAuts
     D:4: 638 daAuts
     D:5: 26 daAuts
